 Dungeon Crawl Stone Soup version 0.25-a0-780-g622e69b (webtiles) character file.

Game seed: 3820631380352050923, levelgen mode: deterministic

428 robertstho the Ruffian (level 6, -5/61 HPs)
             Began as a Troll Berserker on Apr 13, 2020.
             Was a Priest of Trog.
             Slain by a hippogriff (6 damage)
             ... on level 3 of the Dungeon on Apr 14, 2020.
             The game lasted 00:05:46 (2233 turns).

robertstho the Ruffian (Troll Berserker)            Turns: 2233, Time: 00:05:47

Health: -5/61      AC:  6    Str: 26    XL:     6   Next: 65%
Magic:  5/5        EV: 11    Int:  5    God:    Trog [***...]
Gold:   137        SH:  0    Dex:  9    Spells: 5/5 levels left

rFire    . . .     SeeInvis .     - Unarmed
rCold    . . .     Gourm    +   (no shield)
rNeg     . . .     Faith    .   o - +0 robe (curse)
rPois    .         Spirit   .   (helmet restricted)
rElec    .         Reflect  .   (no cloak)
rCorr    +         Harm     .   (gloves unavailable)
MR       .....                  (boots unavailable)
Stlth    +.........             (no amulet)
HPRegen  0.60/turn              i - ring of resist corrosion
MPRegen  0.09/turn              (no ring)

@: mighty, berserk cooldown, slowed, very slow
A: large, unfitting armour, claws 3, fast metabolism 3, gourmand, regeneration
1, shaggy fur 1, tough skin 3
a: Berserk, Trog's Hand, Renounce Religion


You were on level 3 of the Dungeon.
You worshipped Trog.
Trog was most pleased with you.
You were very full.

You visited 1 branch of the dungeon, and saw 3 of its levels.

You collected 137 gold pieces.

Inventory:

Armour
 f - a +1 robe of the Archmagi
 o - a cursed +0 robe (worn)
Jewellery
 i - a ring of resist corrosion (left claw)
Scrolls
 a - 2 scrolls of blinking {unknown}
 e - 3 scrolls of identify {unknown}
 h - 2 scrolls of teleportation {unknown}
 j - a scroll of random uselessness {unknown}
 n - a scroll of immolation {unknown}
Potions
 k - a potion of lignification {unknown}
 l - a potion of heal wounds {unknown}
 m - a potion of invisibility {unknown}
Comestibles
 b - 9 rations
 c - a chunk of flesh


   Skills:
 * Level 3.4 Fighting
 * Level 4.6 Dodging
 + Level 0.2 Stealth
 + Level 4.9 Unarmed Combat


You had 5 spell levels left.
You didn't know any spells.
Your spell library was empty.

Dungeon Overview and Level Annotations

Branches:
Dungeon (3/15)

Altars:
Gozag
Ru


Innate Abilities, Weirdness & Mutations

You are too large for most types of armour.
You have claws for hands.
Your metabolism is lightning-fast.
You like to eat raw meat.
Your natural rate of healing is unusually fast.
You are covered in fur. (AC +1)
You have extremely tough skin. (AC +3)


Message History

It was a potion of curing.
You feel better. The hippogriff bites you.
* * * LOW HITPOINT WARNING * * *
The hippogriff pecks you.
* * * LOW HITPOINT WARNING * * *
The hippogriff claws you.
* * * LOW HITPOINT WARNING * * *
The hippogriff bites you.
* * * LOW HITPOINT WARNING * * *
The hippogriff misses you. The hippogriff claws you.
* * * LOW HITPOINT WARNING * * *
You feel better.
The hippogriff bites you but does no damage.
The hippogriff barely misses you. The hippogriff claws you.
* * * LOW HITPOINT WARNING * * *
It was a potion of might.
You feel very mighty all of a sudden. The hippogriff closely misses you.
The hippogriff pecks you!
* * * LOW HITPOINT WARNING * * *
The hippogriff closely misses you. The hippogriff bites you.
You die...

#.#........#......####....##.....
#.#......................))...<..
#.#.................##...).))....
#.#...#.............##...)))...#.
#.......##..........##...........
#......<............##(....#.....
#....######................#.....
#....#.....#.........#######.....
##.....###.#....@H..##.8.##......
##..)).#............#$....###....
#......#(....###....'....8#.##...
#....#.#......##....'._8.∩#.##...
#....#+##.....##....'...$8#..#.##
#.......#.....##....#...$.#......
#.......#...........##∩8.##......
#.......#....##......#####.......
.............##............[.....


You could see a hippogriff.

Vanquished Creatures
  The ghost of tabacat the Chiller, an amateur MfIE (D:3)
  2 jellies (D:2)
  2 orc priests (D:3)
  Robin (D:3)
  4 adders
  9 oozes (D:2)
  A worm (D:3)
  A dart slug (D:3)
  3 leopard geckos
  7 orcs (D:3)
  2 ball pythons
  3 giant cockroaches
  13 goblins
  9 hobgoblins
  2 jackals (D:1)
  17 kobolds
  A quokka (D:3)
  6 bats
  2 frilled lizards
  6 rats
92 creatures vanquished.

Vanquished Creatures (others)
  7 toadstools (D:2)
7 creatures vanquished.

Grand Total: 99 creatures vanquished

Notes
Turn   | Place    | Note
-------+----------+-------------------------------------------
     0 | D:1      | robertstho the Troll Berserker began the quest for the Orb.
     0 | D:1      | Reached XP level 1. HP: 22/22 MP: 0/0
   108 | D:1      | Reached XP level 2. HP: 25/29 MP: 1/1
   648 | D:2      | Reached XP level 3. HP: 31/36 MP: 2/2
   652 | D:2      | Upgraded the game from 0.25-a0-766-g0ecfff5 to
                  | 0.25-a0-780-g622e69b
  1107 | D:2      | Reached ** piety under Trog
  1146 | D:2      | Reached XP level 4. HP: 39/45 MP: 3/3
  1156 | D:2      | Reached XP level 5. HP: 31/53 MP: 4/4
  1496 | D:3      | Found a runed translucent gate.
  1497 | D:3      | Found a runed translucent gate.
  1498 | D:3      | Found an opulent altar of Gozag.
  1498 | D:3      | Found a runed translucent gate.
  1503 | D:3      | Noticed tabacat's ghost (amateur MfIE)
  1510 | D:3      | Noticed Robin
  1525 | D:3      | Killed Robin
  1604 | D:3      | Reached *** piety under Trog
  1904 | D:3      | Reached XP level 6. HP: 38/61 MP: 5/5
  1942 | D:3      | Noticed a hippogriff
  2019 | D:3      | Found a sacrificial altar of Ru.
  2221 | D:3      | Killed tabacat's ghost
  2231 | D:3      | HP: 3/61 [hippogriff (1)]
  2233 | D:3      | HP: 1/61 [hippogriff (7)]
  2233 | D:3      | Slain by a hippogriff

Levels and vault maps discovered:
D:1:      dpeg_arrival_orchard, layout_rooms, serial_bayou_pond_e,
          chequers_serial_rivers_micro_b
D:2:      cheibrodos_fertilizer, layout_loops_ring, serial_forest,
          infiniplex_forest_lined_3, infiniplex_forest_straight_2,
          infiniplex_forest_clump_small, infiniplex_forest_lined_3,
          infiniplex_forest_straight_4, infiniplex_forest_join,
          infiniplex_forest_end_3, infiniplex_forest_lined_3,
          infiniplex_forest_corner_1, infiniplex_forest_lined_ring, first_ration
D:3:      layout_basic, lemuel_coloured_pillars_altar, ebering_ghost_gozag,
          uniq_robin

Skill      XL: |  1  2  3  4  5 |
---------------+----------------+-----
Dodging        | 3 4 |  4.6
Fighting       | 3 |  3.4
Unarmed Combat | 4 |  4.9
Stealth        | |  0.2

Action                   |  1- 3 |  4- 6 || total
-------------------------+-------+-------++-------
Melee: Unarmed           |   131 |   113 ||   244
       Punch             |     1 |     1 ||     2
Invok: Berserk           |       |     2 ||     2
  Use: Potion            |       |     3 ||     3
  Eat: Chunk             |    14 |    13 ||    27
Armor: Animal skin       |    20 |       ||    20
       Robe              |    54 |    50 ||   104
Dodge: Dodged            |    79 |   105 ||   184

Table legend:
 A = Non-vault XP
 B = Vault XP
 C = Vault XP percentage of total XP
 D = Non-vault monster count
 E = Vault monster count
 F = Vault count percentage of total count
                 A         B        C        D         E       F
            +---------+---------+-------+---------+---------+-------
      Total |     212 |     400 |  65.4 |      55 |      37 |  40.2
            +---------+---------+-------+---------+---------+-------
        D:1 |      24 |       0 |   0.0 |      14 |       0 |   0.0
        D:2 |      38 |     160 |  80.8 |      14 |      20 |  58.8
        D:3 |     150 |     240 |  61.5 |      27 |      17 |  38.6
            +---------+---------+-------+---------+---------+-------
